 Dungeon Crawl Stone Soup version 0.30-a0-141-g30f27751c5 (webtiles) character file.

Game seed: 14765342370431616810

21 Decritt the Digger (level 2, -1/16 HPs)
             Began as a Gargoyle Earth Elementalist on Sept 25, 2022.
             Slain by Terence
             ... wielding a +0 falchion
              (3 damage)
             ... on level 2 of the Dungeon.
             The game lasted 00:01:40 (1135 turns).

Decritt the Digger (Gargoyle Earth Elementalist)    Turns: 1135, Time: 00:01:41

Health: -1/16      AC:  7    Str: 11    XL:     2   Next: 87%
Magic:  2/5        EV: 11    Int: 15    God:
Gold:   79         SH:  0    Dex: 10    Spells: 4/5 levels left

rFire   . . .      SeeInvis .    e - +0 spear
rCold   . . .      Faith    .    (no shield)
rNeg    + . .      Spirit   .    g - +0 leather armour
rPois   ∞          Reflect  .    (no helmet)
rElec   +          Harm     .    (no cloak)
rCorr   .          Rampage  .    (no gloves)
Will    .....                    k - +0 pair of boots
Stlth   ++........               (no amulet)
HPRegen 0.05/turn                (no ring)
MPRegen 0.09/turn                (no ring)

@: no status effects
A: sickness immunity, AC +2, negative energy resistance 1, electricity
resistance, torment resistance 1, petrification resistance
a: no special abilities


You were on level 2 of the Dungeon.
You visited 1 branch of the dungeon, and saw 2 of its levels.

You collected 79 gold pieces.

Inventory:

Hand Weapons
 e - a +0 spear (weapon)
Armour
 a - a +0 robe
 g - a +0 leather armour (worn)
 k - a +0 pair of boots (worn)
Scrolls
 d - 4 scrolls of teleportation {unknown}
 f - a scroll of identify {unknown}
 i - a scroll of noise {unknown}
 l - a scroll of butterflies {unknown}
Potions
 b - a potion of magic
 c - a potion of degeneration {unknown}
 h - 2 potions of attraction {unknown}
 j - a potion of haste {unknown}


   Skills:
 + Level 1.1 Fighting
 + Level 1.1 Armour
 - Level 1.5 Dodging
 - Level 2.1 Stealth
 + Level 2.3 Spellcasting
 - Level 0.7 Transmutations
 + Level 4.0 Earth Magic


You had 4 spell levels left.
You knew the following spells:

 Your Spells              Type           Power      Damage    Failure   Level
a - Sandblast             Erth           26%        2d8       5%          1

Your spell library contained the following spells:

 Spells                   Type           Power      Damage    Failure   Level
 Passwall                 Tmut/Erth      6%         N/A       16%         2
 Stone Arrow              Conj/Erth      14%        3d7       36%         3
 Portal Projectile        Hex/Tloc       2%         N/A       65%         3
 Tukima's Dance           Hex            1%         N/A       65%         3
 Petrify                  Tmut/Erth      8%         N/A       71%         4
 Blade Hands              Tmut           1%         N/A       99%         5


Dungeon Overview and Level Annotations

Branches:
Dungeon (2/15)

Altars:

Annotations:
D:2 Terence


Innate Abilities, Weirdness & Mutations

You are immune to sickness and miasma.
Your stone body is resilient. (AC +2)
You are immune to poison.
You resist negative energy. (rN+)
You are resistant to electric shocks. (rElec)
You are resistant to unholy torment.
You are immune to petrification.


Message History

Your Earth Magic skill increases to level 4!
Key pressed, stopping explore.
No target in view!
HP restored.
d - 4 scrolls labelled CEBBYD LONTO (gained 1) Terence the Incautious comes into view.
He is wielding a +0 falchion.
You see here a scroll labelled XYEQEM GAMI.
The blast of sand hits Terence but does no damage.
Terence shouts!
The blast of sand hits Terence.
Terence is lightly wounded.
You hit Terence but do no damage.
Terence is lightly wounded.
Terence barely misses you.
You hit Terence but do no damage. You punch Terence, but do no damage.
Terence is lightly wounded.
Terence closely misses you.
You barely miss Terence.
Terence is lightly wounded.
Terence closely misses you.
You hit Terence but do no damage.
Terence is lightly wounded.
Terence hits you with a +0 falchion.
You barely miss Terence.
Terence is lightly wounded.
Terence barely misses you.
Unknown command.
Casting: Sandblast (safe; 5% risk of failure)
Confirm with . or Enter, or press ? or * to list all spells.
Aiming: Sandblast (safe; 5% risk of failure)
Press: ? - help, Shift-Dir - straight line, f/p - Terence
Aim: Terence, wielding a +0 falchion and wearing a +0 chain mail (lightly wounded, 87% to hit)
The blast of sand hits Terence but does no damage.
Terence is lightly wounded.
Terence hits you with a +0 falchion.
* * * LOW HITPOINT WARNING * * *
Terence hits you with a +0 falchion.
* * * LOW HITPOINT WARNING * * *
Terence attacks as you move away! Terence hits you with a +0 falchion.
You die...

... #.# #.# #
##.##
#.##...##
...$..#.###
#.@.......
#@# #.# #?# #
#####.###.#..
#............
#.##.........
#.##..###..#.
#.##..# #..#
#.##..# #..#


You could see Terence.

Vanquished Creatures
  A dart slug (D:1)
  A ball python (D:1)
  3 endoplasms
  2 goblins (D:1)
  2 bats (D:1)
  4 kobolds (D:1)
  7 rats
20 creatures vanquished.

Notes
Turn   | Place    | Note
-------+----------+-------------------------------------------
     0 | D:1      | Decritt the Gargoyle Earth Elementalist began the quest for
                  | the Orb.
     0 | D:1      | Reached XP level 1. HP: 10/10 MP: 3/3
   201 | D:1      | Reached XP level 2. HP: 16/16 MP: 3/5
   673 | D:1      | Reached skill level 1 in Armour
   715 | D:1      | Reached skill level 1 in Fighting
  1087 | D:2      | Reached skill level 4 in Earth Magic
  1123 | D:2      | Noticed Terence
  1135 | D:2      | Slain by Terence

Illustrated notes

Levels and vault maps discovered:
D:1:      nicolae_arrival_memento_mori, layout_basic
D:2:      layout_loops_ring, uniq_terence

Skill      XL: |  1  2 |
---------------+-------+-----
Armour         | 1 |  1.1
Fighting       | 1 |  1.1
Earth Magic    | 4 |  4.0
Dodging        | |  1.5
Stealth        | |  2.1
Spellcasting   | |  2.3
Transmutations | |  0.7

Action                   || total
-------------------------++-------
Melee: Unarmed           ||     5
       Spear             ||    26
       Punch             ||     1
 Cast: Sandblast         ||    21
Armor: Robe              ||     3
       Leather armour    ||     5
Dodge: Dodged            ||    13

Table legend: (Time is in decaauts)
 A = Elapsed time spent in this place.
 B = Non-inter-level travel time spent in this place.
 C = Inter-level travel time spent in this place.
 D = Time resting spent in this place.
 E = Time spent auto-exploring this place.
 F = Levels seen in this place.
 G = Mean time per level.
                   A        B        C        D        E       F      G
               +--------+--------+--------+--------+--------+-----+--------+
         Total |   1147 |   1077 |     70 |      0 |    916 |   2 |  573.5 |
       Dungeon |   1147 |   1077 |     70 |      0 |    916 |   2 |  573.5 |
               +--------+--------+--------+--------+--------+-----+--------+

Top non-repeatable levels by time:
     D:1: 1038 daAuts
     D:2: 108 daAuts
